AoeStats
← Caronte

Arena

506510755Analyzed
4v4 RM · 19d ago on Sep 13, 2026· 45m 13s· 8 players
Game mode
Random Map
Map size
Large (8 player)
Population
200
Speed
Normal
Resources
Standard
Victory
Conquest
Starting age
Dark Age
Ending age
Imperial Age
RankedLock teamsTeams togetherTeam positionsShared explorationLock speedFull tech treeHidden civsTurbo modeCheats
Victory
Defeat
🇦🇷 Italians · Argentina
1072
+11
🇦🇷 Goths · Argentina
917
+18
🇦🇷 Cumans · Argentina
873
+19
🇦🇷 Byzantines · Argentina
796
+23
🇨🇳 Tatars · China
1013
-20
🇺🇦 Spanish · Ukraine
971
-19
🇺🇾 Bohemians · Uruguay
937
-17
🇦🇷 Ethiopians · Argentina
895
-15
JulioApo
11:42 Feudal Age
13:09 Double-Bit Axe
16:00 Castle Age
13:46 Horse Collar
17:02 Bow Saw
16:56 Heavy Plow
17:33 Fervor
18:13 Wheelbarrow
20:03 Loom
26:07 Hand Cart
26:22 Hand Cart
29:33 Imperial Age
27:01 Fletching
28:43 Chemistry
29:10 Forging
29:11 Bodkin Arrow
31:04 Siege Engineers
30:37 Pikeman
31:18 Squires
31:45 Conscription
32:27 Elite Hussite Wagon
33:02 Halberdier
35:47 Houfnice
ZHurald ZHurdrada
11:19 Feudal Age
12:02 Double-Bit Axe
12:01 Horse Collar
15:16 Castle Age
17:12 Forging
17:07 Scale Barding Armor
17:16 Heavy Plow
18:12 Loom
23:29 Wheelbarrow
23:56 Bow Saw
26:06 Gold Mining
27:02 Town Watch
28:23 Stone Mining
29:10 Gold Shaft Mining
31:08 Hand Cart
33:19 Elite Skirmisher
ODIUM UA
11:19 Feudal Age
16:50 Castle Age
14:54 Double-Bit Axe
15:15 Loom
18:06 Forging
26:38 Padded Archer Armor
30:46 Wheelbarrow
30:31 Town Watch
33:17 Scale Barding Armor
36:04 Imperial Age
Caronte
9:56 Feudal Age
11:33 Wheelbarrow
10:52 Horse Collar
11:11 Double-Bit Axe
17:10 Stone Mining
19:47 Castle Age
18:48 Scale Mail Armor
18:58 Forging
19:57 Gold Mining
21:03 Hand Cart
23:54 Squires
23:59 Padded Archer Armor
28:10 Fletching
29:15 Gold Shaft Mining
29:06 Bow Saw
28:59 Heavy Plow
33:47 Imperial Age
31:21 Crossbowman
32:51 Thumb Ring
34:18 Ballistics
34:17 Arbalester
36:07 Chemistry
35:42 Conscription
36:22 Halberdier
37:51 Chain Mail Armor
TheVaper
2:39 Loom
10:44 Feudal Age
14:20 Wheelbarrow
13:30 Loom
16:27 Double-Bit Axe
24:11 Castle Age
22:02 Loom
26:22 Fletching
27:10 Scale Barding Armor
27:16 Forging
30:27 Chain Barding Armor
30:43 Iron Casting
30:51 Stone Mining
30:59 Gold Mining
31:26 Bloodlines
33:07 Bow Saw
35:31 Imperial Age
34:14 Bodkin Arrow
35:51 Elite Steppe Lancer
37:39 Plate Barding Armor
39:28 Blast Furnace
Gengis
9:45 Feudal Age
13:39 Castle Age
11:49 Double-Bit Axe
15:31 Horse Collar
19:20 Loom
19:54 Stone Mining
23:21 Wheelbarrow
22:52 Town Watch
24:01 Padded Archer Armor
24:12 Fletching
24:58 Leather Archer Armor
26:23 Ballistics
29:27 Imperial Age
27:39 Bodkin Arrow
30:43 Conscription
31:21 Ring Archer Armor
30:52 Bracer
32:43 Elite Genoese Crossbowman
35:49 Thumb Ring
37:37 Onager
38:43 Hand Cart
38:39 Bow Saw
38:29 Heavy Plow
38:20 Gold Mining
39:06 Stone Shaft Mining
40:54 Hoardings
43:10 Spies/Treason
elcolasabrosa
12:33 Feudal Age
13:00 Loom
13:38 Double-Bit Axe
14:33 Wheelbarrow
22:30 Castle Age
22:37 Man-at-Arms
24:19 Pikeman
27:55 Husbandry
27:15 Light Cavalry
@ElBuche
3:29 Loom
11:04 Feudal Age
15:22 Castle Age
18:58 Scale Mail Armor
20:08 Forging
24:46 Double-Bit Axe
25:20 Chain Mail Armor
26:14 Elite Skirmisher
27:55 Padded Archer Armor
27:55 Fletching
29:00 Iron Casting
31:37 Leather Archer Armor
41:54 Bodkin Arrow
46:38 Imperial Age
Connection lost

Rejoining the realm…

Still unreachable

The connection could not be restored.

Session expired

The server has moved on; the page needs a fresh start.